AoeStats
← mr.morbido2.0

Arabia

511063867Analyzed
1v1 RM · 5h ago on Oct 3, 2026· 27m 13s· 2 players
Game mode
Random Map
Map size
Tiny (2 player)
Population
200
Speed
Normal
Resources
Standard
Victory
Conquest
Starting age
Dark Age
Ending age
Imperial Age
RankedLock teamsTeams togetherTeam positionsShared explorationLock speedFull tech treeHidden civsTurbo modeCheats
Victory
Defeat
🇫🇷 Romans · France
1309
+13
🇮🇹 Berbers · Italy
1250
-13
mr.morbido2.0
6:54 Loom
9:22 Feudal Age
10:18 Double-Bit Axe
19:03 Fletching
23:10 Castle Age
22:47 Padded Archer Armor
24:10 Bloodlines
24:59 Bow Saw
24:55 Bodkin Arrow
25:30 Gold Mining
ratphou
6:04 Loom
9:21 Feudal Age
9:28 Man-at-Arms
12:12 Double-Bit Axe
13:27 Fletching
21:45 Castle Age
20:04 Horse Collar
20:44 Gold Mining
21:28 Scale Barding Armor
22:14 Bloodlines
23:14 Bow Saw
Connection lost

Rejoining the realm…

Still unreachable

The connection could not be restored.

Session expired

The server has moved on; the page needs a fresh start.